 Dungeon Crawl Stone Soup version 0.30-a0-778-g2ef04afb54 (webtiles) character file.

Game seed: 4900802874536255718

4398 Pimp the Cleaver (level 10, 0/77 HPs)
             Began as a Demonspawn Fighter on Feb 16, 2023.
             Was a Follower of Okawaru.
             Slain by a yak (12 damage)
             ... on level 8 of the Dungeon.
             The game lasted 00:13:17 (7084 turns).

Pimp the Cleaver (Demonspawn Fighter)               Turns: 7084, Time: 00:13:17

Health: 0/77       AC: 13    Str: 19    XL:     10   Next: 13%
Magic:  10/10      EV: 11    Int: 10    God:    Okawaru [*.....]
Gold:   461        SH:  9    Dex: 14    Spells: 9/9 levels left

rFire   + . .      SeeInvis .    B - +5 war axe (flame)
rCold   . . .      Faith    .    o - +0 kite shield
rNeg    . . .      Spirit   .    d - +0 steam dragon scales
rPois   .          Reflect  .    s - +0 helmet
rElec   .          Harm     .    F - +0 cloak
rCorr   .          Rampage  .    e - +0 pair of gloves
Will    .....                    (no boots)
Stlth   ++                       (no amulet)
HPRegen 0.32/turn                u - ring of protection from fire
MPRegen 0.12/turn                (no ring)

@: no status effects
A: claws 2, yellow scales 2, spiny 2
a: Renounce Religion, Heroism


You were on level 8 of the Dungeon.
You worshipped Okawaru.
Okawaru was aware of your devotion.
You visited 2 branches of the dungeon, and saw 9 of its levels.

You collected 489 gold pieces.
You spent 28 gold pieces at shops.

Inventory:

Hand Weapons
 w - the +3 trident "Juumanui" {spect, rPois}
   (You found it on level 3 of the Dungeon)

   rPois:     It protects you from poison.
 B - a +5 war axe of flaming (weapon)
Missiles
 k - 4 poisoned darts (quivered)
Armour
 d - +0 steam dragon scales (worn)
 e - a +0 pair of gloves (worn)
 o - a +0 kite shield (worn)
 s - a +0 helmet (worn)
 F - a +0 cloak (worn)
Jewellery
 f - a ring of protection from fire
 u - a ring of protection from fire (left hand)
 E - an amulet of magic regeneration
Wands
 m - a wand of roots (8)
 p - a wand of mindburst (11)
 D - a wand of paralysis (11)
Scrolls
 a - 2 scrolls of noise {unknown}
 c - a scroll of teleportation
 g - a scroll of magic mapping
 j - 3 scrolls of vulnerability
 q - 2 scrolls of amnesia
 y - 2 scrolls of fog
 A - 2 scrolls of enchant armour {unknown}
Potions
 b - 2 potions of haste {unknown}
 h - 3 potions of flight
 l - a potion of brilliance
 n - a potion of berserk rage {unknown}
 r - 5 potions of curing
 t - 2 potions of ambrosia
 x - a potion of attraction {unknown}
 z - a potion of lignification {unknown}
 C - a potion of mutation {unknown}


   Skills:
 + Level 6.7 Fighting
 + Level 9.3 Axes
 + Level 1.6(6.0) Polearms
 + Level 6.3 Armour
 + Level 2.9 Dodging
 + Level 2.1 Stealth
 + Level 5.2 Shields


You had 9 spell levels left.
You didn't know any spells.
Your spell library contained the following spells:

 Spells                   Type           Power      Damage    Failure   Level
 Ensorcelled Hibernation  Hex/Ice        0%         N/A       85%         2
 Passwall                 Tmut/Erth      0%         N/A       85%         2
 Scorch                   Fire           0%         2d5       85%         2
 Static Discharge         Conj/Air       0%         2-2/arc   85%         2
 Portal Projectile        Hex/Tloc       0%         N/A       97%         3
 Swiftness                Air            0%         N/A       97%         3
 Vhi's Electric Charge    Tloc/Air       0%         N/A       97%         3
 Flame Wave               Conj/Fire      0%         2d4       100%        4
 Arcjolt                  Conj/Air       0%         1d10      100%        5
 Blade Hands              Tmut           0%         N/A       100%        5
 Lightning Bolt           Conj/Air       0%         1d11      100%        5
 Conjure Ball Lightning   Conj/Air       0%         3x3d6     100%        6
 Discord                  Hex            0%         N/A       100%        8
 Disjunction              Tloc           0%         N/A       100%        8
 Tukima's Dance           Hex            Unusable   N/A       N/A         3
 Summon Cactus Giant      Summ           Unusable   N/A       N/A         6

Dungeon Overview and Level Annotations

Branches:
Dungeon (8/15)             Temple (1/1) D:7
   Lair: D:8-11

Altars:
Ashenzari
Cheibriados
Dithmenos
Makhleb
Okawaru
Sif Muna
Xom

Shops:
D:2 ?   D:4 =


Innate Abilities, Weirdness & Mutations

You have very sharp fingernails.
You are mostly covered in yellow scales. (AC +3)
You are mostly covered in sharp spines.


Message History

The yak is almost dead.
You barely miss the yak. You hit the yak. You burn the yak.
You barely miss the wyvern. You block the yak's attack. The wyvern bites you.
The yak gores you. You block the yak's attack.
The wyvern is struck by your spines. The wyvern bites you!
The yak is struck by your spines.
You kill the yak!
Okawaru accepts your kill. The yak is struck by your spines. The yak gores you!
* * * LOW HITPOINT WARNING * * *
The yak gores you but does no damage.
You feel much better. You block the wyvern's attack. The yak gores you!
The yak is struck by your spines. The yak barely misses you.
Found a scroll of blinking.
The wyvern is struck by your spines. The wyvern bites you.
The yak gores you but does no damage.
You slash the yak! You burn the yak.
You kill the yak!
Okawaru accepts your kill.
You can now gain great but temporary skills.
You slash the yak! You burn the yak. You hit the wyvern but do no damage.
You completely miss the yak. The wyvern barely misses you.
The yak is struck by your spines. The yak gores you but does no damage.
You block the yak's attack.
Your Stealth skill increases to level 2!
The wyvern bites you but does no damage.
The yak gores you but does no damage. The yak gores you!
* * * LOW HITPOINT WARNING * * *
You see here a yak corpse.
The yak attacks as you move away! You block the yak's attack.
You barely miss the wyvern.
The wyvern is almost dead.
The wyvern bites you!
* * * LOW HITPOINT WARNING * * *
The wyvern is struck by your spines.
You kill the wyvern!
Okawaru accepts your kill.
You slash the yak! You burn the yak.
The yak is severely wounded.
The yak gores you!
You die...

# #. .### ..#
#.#
#.#####<###?#
#.....†Y....#
#######Y#####
#@# #.# #.#
#.# #.# ..#
###


You could see 2 yaks.

Vanquished Creatures
  Pikel (D:5)
  Maggie (D:6)
  A hornet (D:7)
  A wyvern (D:8)
  4 yaks (D:8)
  3 water moccasins
  An ice beast (D:5)
  3 black bears
  A centaur (D:5)
  3 phantoms (D:5)
  4 lemures
  9 scorpions
  2 gnoll sergeants (D:6)
  5 killer bees (D:7)
  4 hounds
  A jelly (D:6)
  A gnoll bouda (D:6)
  2 orc priests
  6 iguanas
  6 orc wizards
  Natasha (thrice) (D:2)
  14 gnolls (D:6)
  10 adders
  A white imp (D:7)
  A worm (D:5)
  3 dart slugs
  16 orcs
  8 endoplasms
  6 goblins
  6 hobgoblins
  4 jackals (D:1)
  6 kobolds
  3 ball pythons (D:1)
  8 bats
  2 frilled lizards
  6 rats
156 creatures vanquished.

Vanquished Creatures (others)
  3 fungi (D:7)
  A plant (D:7)
4 creatures vanquished.

Grand Total: 160 creatures vanquished

Notes
Turn   | Place    | Note
-------+----------+-------------------------------------------
     0 | D:1      | Pimp the Demonspawn Fighter began the quest for the Orb.
     0 | D:1      | Reached XP level 1. HP: 18/18 MP: 1/1
   234 | D:1      | Gained mutation: You are partially covered in sharp spines.
                  | [demonic ancestry]
   234 | D:1      | Reached XP level 2. HP: 23/24 MP: 2/2
   776 | D:2      | Found Xudusuc's Magic Scroll Emporium.
   794 | D:2      | Bought a scroll of identify for 28 gold pieces
   816 | D:2      | Reached skill level 2 in Axes
   816 | D:2      | Gained mutation: You are mostly covered in sharp spines.
                  | [demonic ancestry]
   816 | D:2      | Reached XP level 3. HP: 29/29 MP: 3/3
  1136 | D:2      | Noticed Natasha
  1141 | D:2      | Killed Natasha
  1142 | D:2      | Gained mutation: You are partially covered in yellow
                  | scales. (AC +2) [demonic ancestry]
  1142 | D:2      | Reached XP level 4. HP: 33/35 MP: 4/4
  1186 | D:2      | Noticed Natasha
  1190 | D:2      | Killed Natasha
  1331 | D:2      | Noticed Natasha
  1337 | D:2      | Killed Natasha
  1456 | D:3      | Reached XP level 5. HP: 6/42 MP: 5/5
  1462 | D:3      | Reached skill level 3 in Axes
  1765 | D:3      | Found the +7 staff of the Meek {protect, meekguard}
  2184 | D:3      | Found a broken altar of Ashenzari.
  2185 | D:3      | Found a snail-covered altar of Cheibriados.
  2223 | D:3      | Identified the +3 trident "Juumanui" {spect, rPois}
  2310 | D:3      | Reached skill level 1 in Dodging
  2592 | D:4      | Found Elaun's Jewellery Shop.
  2931 | D:4      | Gained mutation: You have sharp fingernails. [demonic
                  | ancestry]
  2931 | D:4      | Reached XP level 6. HP: 48/48 MP: 6/6
  3748 | D:5      | Entered Level 5 of the Dungeon
  3750 | D:5      | Reached skill level 4 in Axes
  4035 | D:5      | Gained mutation: You have very sharp fingernails. [demonic
                  | ancestry]
  4035 | D:5      | Reached XP level 7. HP: 48/54 MP: 7/7
  4077 | D:5      | Reached skill level 5 in Axes
  4077 | D:5      | Reached skill level 1 in Polearms
  4216 | D:5      | Found a shimmering blue altar of Sif Muna.
  4791 | D:6      | Noticed Pikel
  4795 | D:6      | Reached skill level 5 in Armour
  4795 | D:6      | Reached XP level 8. HP: 58/61 MP: 8/8
  5253 | D:5      | Reached skill level 6 in Axes
  5269 | D:5      | Killed Pikel
  5270 | D:5      | Reached skill level 5 in Fighting
  5270 | D:5      | Reached skill level 1 in Stealth
  5364 | D:6      | Reached skill level 7 in Axes
  5366 | D:6      | Gained mutation: You are mostly covered in yellow scales.
                  | (AC +3) [demonic ancestry]
  5366 | D:6      | Reached XP level 9. HP: 44/68 MP: 9/9
  5867 | D:6      | Noticed Maggie
  5874 | D:6      | Killed Maggie
  6328 | D:7      | Reached skill level 8 in Axes
  6367 | D:7      | Paralysed by a hornet for 2 turns
  6500 | D:7      | Found a shimmering altar of Xom.
  6597 | D:7      | Found a staircase to the Ecumenical Temple.
  6703 | Temple   | Entered the Ecumenical Temple
  6708 | Temple   | Became a worshipper of Warmaster Okawaru
  6741 | D:7      | Reached skill level 5 in Shields
  7075 | D:8      | Reached skill level 9 in Axes
  7077 | D:8      | Reached XP level 10. HP: 47/77 MP: 10/10
  7080 | D:8      | Reached * piety under Okawaru
  7084 | D:8      | Slain by a yak

Illustrated notes

Levels and vault maps discovered:
D:1:      matt_arrival_grand_opening, layout_basic, minmay_misc_feat_enclosed,
          nrook_campfire
D:2:      layout_basic, serial_shops, shop_statue, uniq_natasha
D:3:      layout_basic, gammafunk_temple_overflow_claw, serial_curves,
          eino_curves_01, eino_curves_04, eino_curves_02, pf_guarded_unrand_meek
D:4:      layout_layer_cave, serial_shops, nicolae_square_shop,
          minmay_close_crescents
D:5:      layout_basic, amcnicky_altar_gilded
D:6:      layout_basic, minmay_a_box_with_orc_wizards_in_it, uniq_maggie,
          uniq_pikel
D:7:      old_forge, layout_cave_pools, old_standard_altar,
          minmay_temple_entry_hall
D:8:      layout_loops_ring, nrook_mini_vaults, nicolae_elevator_lobby_asterisk
Temple:   nicolae_temple_bog_church

Skill      XL: |  1  2  3  4  5  6  7  8  9 10 |
---------------+-------------------------------+-----
Armour         | 3 4 5 6 |  6.3
Shields        | 3 4 5 |  5.2
Axes           | 2 3 4 5 7 9 |  9.3
Dodging        | 1 2 |  2.9
Fighting       | 4 5 6 |  6.7
Polearms       | 1 |  1.6
Stealth        | 1 2 |  2.1

Action                     |  1- 3 |  4- 6 |  7- 9 | 10-12 || total
---------------------------+-------+-------+-------+-------++-------
  Melee: War axe           |    64 |    66 |   154 |     4 ||   288
         Trident           |       |    20 |       |       ||    20
    Use: Potion            |       |     5 |     2 |     1 ||     8
         Scroll            |       |       |    14 |       ||    14
   Stab: Distracted        |     1 |       |       |       ||     1
         Held in net/web   |       |       |     1 |       ||     1
 Armour: Scale mail        |    24 |       |       |       ||    24
         Chain mail        |    19 |    53 |   100 |       ||   172
         Steam dragon scal |       |       |    23 |     5 ||    28
  Dodge: Dodged            |    18 |    19 |    81 |     2 ||   120
  Block: Buckler           |    17 |    20 |    31 |       ||    68
         Kite shield       |       |       |    40 |     5 ||    45

Table legend: (Time is in decaauts)
 A = Elapsed time spent in this place.
 B = Non-inter-level travel time spent in this place.
 C = Inter-level travel time spent in this place.
 D = Time resting spent in this place.
 E = Time spent auto-exploring this place.
 F = Levels seen in this place.
 G = Mean time per level.
                   A        B        C        D        E       F      G
               +--------+--------+--------+--------+--------+-----+--------+
         Total |   7196 |   6855 |    341 |   1125 |   4526 |   9 |  799.6 |
       Dungeon |   7186 |   6845 |    341 |   1125 |   4526 |   8 |  898.2 |
        Temple |      9 |      9 |      0 |      0 |      0 |   1 |    9.0 |
               +--------+--------+--------+--------+--------+-----+--------+

Top non-repeatable levels by time:
     D:5: 1717 daAuts
     D:3: 1185 daAuts
     D:4: 1157 daAuts
     D:7: 921 daAuts
     D:2: 743 daAuts
     D:6: 728 daAuts
     D:1: 721 daAuts
     D:8: 13 daAuts
  Temple: 9 daAuts
